 Dungeon Crawl Stone Soup version 0.29.1-2-gbd0b4ee654 (webtiles) character file.

Game seed: 14680325974756136605

169209 Lutefisk the Earth Mage (level 17, -2/156 HPs)
             Began as a Grey Draconian Air Elementalist on Nov 22, 2022.
             Was a High Priest of Sif Muna.
             Killed by divine providence
             ... invoked by a meliai
              (12 damage)
             ... on level 3 of the Spider Nest.
             The game lasted 03:13:16 (25373 turns).

Lutefisk the Earth Mage (DrAE)                     Turns: 25373, Time: 03:13:17

Health: -2/156     AC: 18    Str: 10 (11) XL:     17   Next: 10%
Magic:  29/31      EV: 16    Int: 21      God:    Sif Muna [*****.]
Gold:   1172       SH: 13    Dex: 13 (14) Spells: 5/36 levels left

rFire   x . .      SeeInvis +   P - +8 long sword "Ysyste" {venom, Fly rElec rF- rC+}
rCold   + . .      Faith    .   e - +0 kite shield
rNeg    . . .      Spirit   .   (body armour unavailable)
rPois   +          Reflect  .   o - +2 hat {Stlth+}
rElec   +          Harm     .   S - scarf {+Inv}
rCorr   .          Rampage  .   x - +0 pair of gloves
Will    +....                   i - +0 pair of boots
Stlth   +++.......              (no amulet)
HPRegen 0.36/turn               s - ring of poison resistance
MPRegen 0.22/turn               C - ring of see invisible

@: about to teleport, flying
A: AC +14, amphibious, unfitting armour, cold-blooded
}: 1/15 runes: barnacled
a: Renounce Religion, Evoke Invisibility, Channel Magic, Forget Spell, Divine
Exegesis


You were on level 3 of the Spider Nest.
You worshipped Sif Muna.
Sif Muna was extremely pleased with you.
You visited 6 branches of the dungeon, and saw 29 of its levels.
You also visited: Sewer.

You collected 2302 gold pieces.
You spent 1130 gold pieces at shops.

Inventory:

Hand Weapons
 b - a +5 demon trident of freezing
 g - the +3 scimitar of Paeguak {vorpal, rPois rF+}
   (You found it on level 4 of the Shoals)

   It inflicts extra damage upon your enemies.
   rF:        It protects you from fire.
   rPois:     It protects you from poison.
 m - the +7 spear "Draconian's Regret" {spect, rF+ Str+2}
   (You found it on level 2 of the Dungeon)

   When its wielder attacks, the weapon's spirit leaps out and strikes again.
   The spirit shares a part of any damage it takes with its wielder.
   Str:       It affects your strength (+2).
   rF:        It protects you from fire.
 P - the +8 long sword "Ysyste" (weapon) {venom, Fly rElec rF- rC+}
   (You took it off a merfolk on level 2 of the Shoals)

   It poisons the flesh of those it strikes.
   rF:        It makes you vulnerable to fire.
   rC:        It protects you from cold.
   rElec:     It insulates you from electricity.
   Fly:       It grants you flight.
Missiles
 G - 2 throwing nets (quivered)
Armour
 e - a +0 kite shield (worn)
 i - a +0 pair of boots (worn)
 o - a +2 hat of stealth (worn)
 x - a +0 pair of gloves (worn)
 y - the +0 pair of gloves of Weak Contentment {-Cast rElec rF+ rC++}
   (You found it on level 4 of the Dungeon)

   rF:        It protects you from fire.
   rC:        It greatly protects you from cold.
   rElec:     It insulates you from electricity.
   -Cast:     It prevents spellcasting.
 S - a scarf of invisibility (worn)
 U - a scarf of repulsion
Magical Staves
 Z - a staff of conjuration
Jewellery
 h - a +6 ring of dexterity
 j - a ring of protection from cold
 s - a ring of poison resistance (left hand)
 C - a ring of see invisible (right hand)
 H - a ring of wizardry
 Q - a ring of resist corrosion
Wands
 r - a wand of mindburst (5)
 B - a wand of digging (5)
 E - a wand of paralysis (20)
 N - a wand of flame (10)
 O - a wand of polymorph (3)
 V - a wand of roots (13)
 X - a wand of acid (10)
Scrolls
 d - 2 scrolls of enchant weapon
 k - 6 scrolls of immolation
 l - a scroll of blinking
 q - 2 scrolls of teleportation
 t - 4 scrolls of poison
 u - 3 scrolls of vulnerability
 A - 3 scrolls of enchant armour
 J - 6 scrolls of amnesia
 L - 3 scrolls of fog
 M - 4 scrolls of magic mapping
 Y - a scroll of summoning
Potions
 a - 2 potions of magic
 c - a potion of ambrosia
 f - 3 potions of haste
 n - a potion of berserk rage
 p - 3 potions of curing
 v - 4 potions of brilliance
 w - 3 potions of flight
 z - 2 potions of might
 D - 5 potions of cancellation
 F - 4 potions of attraction
 I - 4 potions of mutation
 K - a potion of invisibility {unknown}
 R - 4 potions of lignification
 W - 2 potions of resistance
Miscellaneous
 T - a phantom mirror


   Skills:
 - Level 15.0 Fighting
 - Level 12.0 Dodging
 - Level 2.0 Stealth
 - Level 14.0 Shields
 * Level 10.1 Spellcasting
 - Level 6.0 Conjurations
 - Level 2.0 Necromancy
 - Level 8.0 Transmutations
 - Level 5.0 Air Magic
 * Level 15.1 Earth Magic
 - Level 8.0 Invocations
 - Level 5.0 Evocations


You had 5 spell levels left.
You knew the following spells:

 Your Spells              Type           Power      Damage    Failure   Level
a - Shock                 Conj/Air       100%       1d9       1%          1
b - Static Discharge      Conj/Air       33%        3-8/arc   1%          2
c - Swiftness             Air            31%        N/A       4%          3
d - Airstrike             Air            15%        2d(3-19)  16%         4
e - Lee's Rapid Deconstr  Erth           32%        3d18*     1%          5
f - Statue Form           Tmut/Erth      37%        N/A       16%         6
g - Borgnjor's Vile Clut  Necr/Erth      23%        N/A       10%         5
h - Stone Arrow           Conj/Erth      100%       3d13      1%          3
i - Passwall              Tmut/Erth      46%        N/A       1%          2

Your spell library contained the following spells:

 Spells                   Type           Power      Damage    Failure   Level
 Searing Ray              Conj           70%        2d7       1%          2
 Wereblood                Tmut           44%        N/A       1%          2
 Petrify                  Tmut/Erth      56%        N/A       1%          4
 Leda's Liquefaction      Hex/Erth       21%        N/A       5%          4
 Mephitic Cloud           Conj/Pois/Air  26%        N/A       8%          3
 Ignite Poison            Fire/Tmut/Pois 21%        N/A       12%         3
 Blade Hands              Tmut           22%        N/A       12%         5
 Blink                    Tloc           20%        N/A       19%         2
 Iskenderun's Battlesphe  Conj           35%        2d9       28%         5
 Call Canine Familiar     Summ           10%        N/A       34%         3
 Lesser Beckoning         Tloc           10%        N/A       34%         3
 Ozocubu's Armour         Ice            10%        N/A       34%         3
 Portal Projectile        Hex/Tloc       20%        N/A       34%         3
 Summon Guardian Golem    Hex/Summ       10%        N/A       34%         3
 Fulminant Prism          Conj/Hex       11%        3d9       34%         4
 Iskenderun's Mystic Bla  Conj/Tloc      23%        2d6       34%         4
 Sticky Flame             Conj/Fire      23%        2d4       34%         4
 Lightning Bolt           Conj/Air       16%        1d30      34%         5
 Dispel Undead            Necr           19%        3d11      45%         4
 Alistair's Intoxication  Tmut/Pois      18%        N/A       54%         5
 Yara's Violent Unravell  Hex/Tmut       13%        3d7       54%         5
 Fireball                 Conj/Fire      11%        3d7       67%         5
 Olgreb's Toxic Radiance  Pois           10%        N/A       75%         4
 Manifold Assault         Tloc           10%        N/A       97%         5
 Metabolic Englaciation   Hex/Ice        5%         N/A       97%         5
 Summon Forest            Summ/Tloc      5%         N/A       97%         5
 Summon Mana Viper        Hex/Summ       10%        N/A       97%         5
 Conjure Ball Lightning   Conj/Air       16%        3x3d6     88%         6
 Eringya's Noxious Bog    Tmut/Pois      13%        N/A       98%         6
 Simulacrum               Ice/Necr       7%         N/A       100%        6
 Summon Cactus Giant      Summ           5%         N/A       100%        6
 Malign Gateway           Summ/Tloc      5%         N/A       100%        7
 Orb of Destruction       Conj           17%        9d7       100%        7
 Chain Lightning          Conj/Air       16%        3d22      100%        9
 Fire Storm               Conj/Fire      11%        8d3       100%        9


Dungeon Overview and Level Annotations

Branches:
Dungeon (13/15)            Temple (1/1) D:6            Lair (5/5) D:8
 Shoals (4/4) Lair:2       Spider (4/4) Lair:2        Slime (0/5) Lair:5
    Orc (2/2) D:11            Elf (0/3) Orc:2         Sewer (visited)
 Vaults: D:13-14

Altars:
Ashenzari
Cheibriados
Dithmenos
Elyvilon
Fedhas
Gozag
Hepliaklqana
Kikubaaqudgha
Makhleb
Nemelex Xobeh
Okawaru
Qazlal
Ru
Sif Muna
Trog
Uskayaw
Vehumet
Wu Jian
Xom
Yredelemnul
Zin
The Shining One

Shops:
Orc:1 [   Orc:2 :[=*([   Shoals:4 (

Annotations:
D:4 3 runed translucent doors
D:8 1 runed translucent door
D:12 exclusions: ice statue and obsidian statue
Lair:2 Mlioglotl
Shoals:3 Ilsuiw
Spider:3 Bai Suzhen


Innate Abilities, Weirdness & Mutations

Your dull iron-grey scales are very hard. (AC +14)
You are amphibious.
You cannot fit into any form of body armour.
You are cold-blooded and may be slowed by cold attacks.


Message History

The emperor scorpion claws you but does no damage. x2
The emperor scorpion stings you.
* * * LOW HITPOINT WARNING * * *
You block the emperor scorpion's attack.
The emperor scorpion claws you.
* * * LOW HITPOINT WARNING * * *
You feel better.
The zombie hands constrict the emperor scorpion!
You kill the emperor scorpion!
Sif Muna accepts your kill.
You start resting.
Your transformation is almost over.
A meliai is nearby!
The meliai buzzes angrily.
The meliai mumbles some strange prayers to its god against you.
Something smites you!
* * * LOW HITPOINT WARNING * * *
Casting: Borgnjor's Vile Clutch (mildly dangerous; 10% risk of failure)
Confirm with . or Enter, or press ? or * to list all spells.
Aiming: Airstrike (mildly dangerous; 16% risk of failure)
Press: ? - help, Dir - move target, f - meliai
Aim: a meliai, wielding a +0 hand axe and wearing a +0 leather armour (empty space bonus: 5/8)
Okay, then.
You feel better.
You revert to your normal fleshy form.
Your +0 pair of gloves unmelds from your body.
Your +0 pair of boots unmelds from your body.
As you read the scroll of teleportation, it crumbles to dust.
You feel strangely unstable.
The meliai buzzes angrily.
The meliai hits you but does no damage. You block the meliai's attack.
Okay, then.
The meliai calls down the wrath of its god upon you.
Something smites you!
* * * LOW HITPOINT WARNING * * *
You hear a faint skittering sound.
You feel better.
The meliai invokes the aid of its god against you.
Something smites you!
You die...

# #y..###.##.##......#....
...#..##....#..#.....^##...
#.......^###.##...##..#.#.
#..^#s>#......###..#..###^
#.#.#..##....[..^[.#### ##
###.#..†#####^.......#
...#y.# ##...##.##
###...#By## ##..# ##
###....##..@# #.## #...^#.
#.#...# ### #..^#######...#
#[.s.# ^....# #...B##
.#..## #.#.s.## .#..#
#####..# .# .# #^....# ##
## ##......


You could see a radroach, a redback and 2 meliai.

Vanquished Creatures
  Jorgrun (Spider:1)
  Kirke (Spider:3)
  Frances (Spider:1)
  Gastronok (Lair:2)
  Agnes (Spider:3)
  A frost giant (Shoals:4)
  4 emperor scorpions
  2 ghost moths (Spider:2)
  A broodmother (Spider:2)
  Nessos (Lair:4)
  Azrael (Spider:2)
  An entropy weaver (Lair:2)
  Snorg (D:10)
  2 spark wasps (Spider:3)
  11 merfolk impalers
  2 merfolk javelineers (Shoals:4)
  3 hydras
  Fannar (Lair:1)
  3 merfolk avatars
  3 boulder beetles
  2 radroaches
  4 two-headed ogres
  A centaur warrior (D:13)
  4 merfolk aquamancers
  5 death yaks
  A death scarab (Lair:2)
  2 satyrs
  An alligator snapping turtle (Shoals:4)
  4 orc high priests (Orc:2)
  Amaemon (Lair:1)
  3 pharaoh ants
  13 sea snakes
  6 steelbarb worms
  2 sun moths
  3 orb spiders
  22 harpies
  Pikel (D:4)
  A deep elf pyromancer (D:12)
  The ghost of TheSexyCheese the Trooper, a novice DsBe of Trog (D:7)
  6 wolf spiders
  8 cyclopes
  7 fauns
  2 orc sorcerers (Orc:2)
  21 elephants
  10 manticores
  A moth of wrath (Spider:2)
  7 water nymphs
  3 torpor snails
  4 black mambas
  14 cane toads
  6 merfolk sirens
  An orange demon (Lair:1)
  Maggie (D:7)
  3 gargoyles
  An unseen horror (D:9)
  An efreet (D:10)
  12 komodo dragons
  6 rime drakes
  The ghost of Icepheonix32 the Insei, a novice OpTm (D:5)
  A demonic crawler (Spider:2)
  25 merfolk
  5 trolls
  4 wind drakes
  17 tarantellas
  2 polar bears
  Grinder (D:5)
  Prince Ribbit (D:9)
  16 blink frogs
  4 slime creatures (D:12)
  6 dream sheep
  13 snapping turtles
  A hornet (D:9)
  10 jumping spiders
  6 culicivoras
  2 hogs (Spider:3)
  34 yaks
  3 wraiths
  2 wyverns
  Eustachio (D:4)
  A basilisk (Lair:3)
  5 water elementals
  4 vampire mosquitoes (D:11)
  A golden eye (shapeshifter) (D:13)
  4 fire elementals (Spider:2)
  40 redbacks
  3 steam dragons
  8 wargs
  2 acid dragons
  15 water moccasins
  3 hell hounds (Spider:2)
  Pargi (Sewer)
  21 orc warriors
  An ice beast (D:5)
  A black bear (D:8)
  14 wolves
  2 ogres
  3 centaurs
  A lemure (D:3)
  6 kobold brigands
  11 bullfrogs
  4 scorpions
  2 necrophages (D:6)
  8 wights
  7 killer bees
  7 howler monkeys
  4 electric eels (D:8)
  Crazy Yiuf (D:2)
  39 orc priests
  8 hounds
  4 jellies
  Jessica (D:2)
  Ijyb (D:5)
  3 iguanas
  21 orc wizards
  Robin (D:3)
  10 adders
  6 gnolls
  2 river rats (D:6)
  A shadow imp (D:8)
  2 worms
  2 dart slugs
  111 orcs
  4 endoplasms
  4 giant cockroaches
  11 goblins
  13 hobgoblins
  31 kobolds
  4 quokkas
  7 ball pythons
  2 bats (D:2)
  4 frilled lizards
  10 rats
870 creatures vanquished.

Vanquished Creatures (collateral kills)
  An orc warlord (Orc:1)
  A cyclops (Shoals:3)
  A manticore (Shoals:3)
  A merfolk siren (Shoals:3)
  2 dream sheep (Shoals:3)
6 creatures vanquished.

Vanquished Creatures (others)
  Erica (Orc:1)
  A redback (Spider:2)
  40 fungi
  111 plants
153 creatures vanquished.

Grand Total: 1029 creatures vanquished

Notes
Turn   | Place    | Note
-------+----------+-------------------------------------------
     0 | D:1      | Lutefisk the Draconian Air Elementalist began the quest for
                  | the Orb.
     0 | D:1      | Reached XP level 1. HP: 14/14 MP: 3/3
   155 | D:1      | Reached skill level 1 in Fighting
   179 | D:2      | Reached XP level 2. HP: 21/24 MP: 0/5
   453 | D:2      | Identified the +7 spear "Draconian's Regret" {spect, rF+
                  | Str+2}
   509 | D:3      | Noticed Robin
   552 | D:2      | Reached XP level 3. HP: 31/31 MP: 6/6
   699 | D:2      | Found a white marble altar of Elyvilon.
   741 | D:2      | Found a runed translucent door.
   742 | D:2      | Noticed Crazy Yiuf
   749 | D:2      | Killed Crazy Yiuf
   750 | D:2      | Reached XP level 4. HP: 38/38 MP: 7/7
   846 | D:2      | Noticed Jessica
   854 | D:2      | Killed Jessica
   858 | D:2      | Learned a level 2 spell: Static Discharge
   862 | D:2      | Learned a level 3 spell: Swiftness
  1075 | D:2      | Reached XP level 5. HP: 44/45 MP: 5/8
  1098 | D:3      | Found a faded altar of an unknown god.
  1180 | D:3      | Killed Robin
  1214 | D:3      | Reached skill level 5 in Air Magic
  1396 | D:4      | Reached XP level 6. HP: 45/52 MP: 5/9
  1459 | D:3      | Found a hide-covered altar of Uskayaw.
  1511 | D:4      | Noticed Pikel
  1511 | D:4      | Found a snail-covered altar of Cheibriados.
  1647 | D:4      | Found a runed translucent gate.
  1647 | D:4      | Found a runed translucent gate.
  1647 | D:4      | Found a runed translucent gate.
  1671 | D:4      | Reached skill level 1 in Evocations
  1783 | D:4      | Identified the +0 pair of gloves of Weak Contentment {-Cast
                  | rElec rF+ rC++}
  1793 | D:4      | Noticed Eustachio
  1801 | D:4      | Killed Eustachio
  1802 | D:4      | Your scales start taking on a dull iron-grey colour.
  1802 | D:4      | Reached XP level 7. HP: 59/59 MP: 11/11
  1943 | D:4      | Killed Pikel
  1944 | D:4      | Reached skill level 5 in Air Magic
  1944 | D:4      | Reached skill level 5 in Fighting
  1944 | D:4      | Reached XP level 8. HP: 68/68 MP: 10/12
  1969 | D:5      | Entered Level 5 of the Dungeon
  1985 | D:5      | Noticed Ijyb
  1986 | D:5      | Noticed Grinder
  1990 | D:5      | Killed Ijyb
  2010 | D:5      | Killed Grinder
  2062 | D:5      | Found a runed translucent gate.
  2063 | D:5      | Found a runed translucent gate.
  2063 | D:5      | Noticed Icepheonix32's ghost (novice OpTm)
  2064 | D:5      | Found a runed translucent gate.
  2066 | D:5      | Identified the +0 chain mail of Noif {rN+ Int+8 Dex-4}
  2122 | D:5      | Reached skill level 5 in Dodging
  2355 | D:6      | Found a glowing drain.
  2360 | Sewer    | Entered a sewer
  2369 | Sewer    | Noticed Pargi
  2372 | Sewer    | Killed Pargi
  2541 | D:6      | Reached XP level 9. HP: 81/81 MP: 13/13
  2554 | D:6      | Learned a level 4 spell: Airstrike
  2836 | D:6      | Found an ornate altar of the Wu Jian Council.
  2943 | D:6      | Found a staircase to the Ecumenical Temple.
  2952 | Temple   | Entered the Ecumenical Temple
  3104 | D:7      | Noticed Maggie
  3117 | D:7      | Killed Maggie
  3523 | D:8      | Reached skill level 5 in Evocations
  3619 | D:8      | Found an iron altar of Okawaru.
  3634 | D:8      | Reached XP level 10. HP: 67/93 MP: 2/14
  3635 | D:8      | Found a runed translucent door.
  3639 | D:8      | Reached skill level 10 in Fighting
  3642 | D:8      | Noticed a sixfirhy
  3706 | D:7      | Found a runed translucent door.
  3707 | D:7      | Noticed TheSexyCheese's ghost (novice DsBe)
  4134 | D:8      | Found a staircase to the Lair.
  4322 | D:9      | Reached skill level 5 in Spellcasting
  4389 | D:9      | Noticed Prince Ribbit
  4398 | D:9      | Killed Prince Ribbit
  4799 | D:5      | Killed Icepheonix32's ghost
  4956 | D:7      | Killed TheSexyCheese's ghost
  4957 | D:7      | Reached XP level 11. HP: 98/102 MP: 18/18
  5035 | D:10     | Entered Level 10 of the Dungeon
  5189 | D:10     | Reached skill level 10 in Dodging
  5221 | D:10     | Found a sacrificial altar of Ru.
  5221 | D:10     | Found a shadowy altar of Dithmenos.
  5323 | D:10     | Noticed Snorg
  5363 | D:10     | Noticed a boulder beetle
  5667 | D:10     | Found a shimmering blue altar of Sif Muna.
  5675 | D:10     | Became a worshipper of Sif Muna the Loreminder
  5783 | Lair:1   | Entered Level 1 of the Lair of Beasts
  5976 | Lair:1   | Noticed Fannar
  6090 | Lair:1   | Killed Fannar
  6091 | Lair:1   | Reached skill level 1 in Shields
  6168 | Lair:1   | Noticed Amaemon
  6397 | Lair:2   | Found a staircase to the Shoals.
  6433 | Lair:2   | Noticed Gastronok
  6681 | Lair:3   | Reached * piety under Sif Muna
  6744 | Lair:3   | Reached skill level 5 in Shields
  6758 | Lair:3   | Reached XP level 12. HP: 110/110 MP: 0/24
  7433 | Lair:4   | Noticed a death yak
  7434 | Lair:4   | Noticed a death yak
  7460 | Lair:4   | Noticed a death yak
  7696 | Lair:5   | Entered Level 5 of the Lair of Beasts
  7705 | Lair:5   | Reached skill level 10 in Spellcasting
  7745 | Lair:5   | Found a staircase to the Slime Pits.
  7777 | Lair:5   | Reached ** piety under Sif Muna
  8195 | Lair:5   | Reached skill level 10 in Shields
  8224 | Lair:5   | Reached skill level 1 in Invocations
  8457 | Lair:5   | Reached XP level 13. HP: 49/116 MP: 27/27
  8958 | Lair:5   | Reached skill level 5 in Invocations
  9030 | Lair:5   | Reached skill level 1 in Earth Magic
  9183 | Lair:5   | Reached *** piety under Sif Muna
  9430 | Lair:5   | Reached skill level 5 in Earth Magic
  9733 | Lair:5   | Noticed a dire elephant
  9863 | Lair:4   | Noticed Nessos
  9876 | Lair:4   | Killed Nessos
 10355 | Lair:1   | Killed Amaemon
 10742 | D:11     | Reached **** piety under Sif Muna
 10762 | D:11     | Found a staircase to the Orcish Mines.
 10804 | D:11     | Reached skill level 10 in Earth Magic
 10810 | Orc:1    | Entered Level 1 of the Orcish Mines
 10810 | Orc:1    | Noticed Erica
 10832 | Orc:1    | Killed Erica
 10839 | D:11     | Reached XP level 14. HP: 51/124 MP: 23/28
 11159 | Orc:1    | Noticed an orc warlord
 11645 | D:12     | Reached ***** piety under Sif Muna
 11700 | D:12     | Reached skill level 5 in Conjurations
 12638 | D:11     | Received a gift from Sif Muna
 12646 | D:11     | Learned a level 5 spell: Lee's Rapid Deconstruction
 12715 | Orc:1    | Killed an orc warlord
 12750 | Orc:1    | Found Todented's Armour Boutique.
 12780 | Orc:2    | Entered Level 2 of the Orcish Mines
 12943 | Orc:2    | Found Weas's Armour Shoppe.
 13087 | Orc:2    | Found Cyits's Assorted Antiques.
 13087 | Orc:2    | Found Motz's Antique Weapon Shop.
 13095 | Orc:2    | Bought a scroll of teleportation for 96 gold pieces
 13095 | Orc:2    | Bought a scroll of fear for 128 gold pieces
 13095 | Orc:2    | Bought a potion of curing for 96 gold pieces
 13114 | Orc:2    | Bought a pair of glowing gloves for 240 gold pieces
 13183 | Orc:2    | Found a staircase to the Elven Halls.
 13297 | Orc:2    | Found Zopautuj's Antique Armour Shop.
 13310 | Orc:2    | Received a gift from Sif Muna
 13322 | Orc:2    | Got Sif Muna's Anthology of Shapes {god gift}
 13330 | Orc:2    | Learned a level 6 spell: Statue Form
 13336 | Orc:2    | Found Ceiculedd's Book Emporium.
 13342 | Orc:2    | Bought Great Wizards, Vol. II for 570 gold pieces
 13349 | Orc:2    | Learned a level 5 spell: Borgnjor's Vile Clutch
 13389 | Orc:2    | Found Jovan's Jewellery Shop.
 13759 | D:10     | Killed Snorg
 13760 | D:10     | Reached skill level 1 in Transmutations
 13898 | Shoals:1 | Entered Level 1 of the Shoals
 14481 | Shoals:1 | Reached skill level 1 in Necromancy
 14481 | Shoals:1 | Reached XP level 15. HP: 41/132 MP: 3/29
 15096 | Shoals:1 | Received a gift from Sif Muna
 15097 | Shoals:1 | Got Ulimusul's Exposition on the Excursion and Conjuration
                  | {god gift}
 15102 | Shoals:1 | Learned a level 3 spell: Stone Arrow
 15452 | Shoals:2 | Reached skill level 5 in Transmutations
 16538 | Shoals:2 | Identified the +8 long sword "Ysyste" {venom, Fly rElec rF-
                  | rC+}
 18116 | Shoals:3 | Noticed Ilsuiw
 18265 | Lair:2   | Killed Gastronok
 18598 | Lair:2   | Found a hole to the Spider Nest.
 18609 | Spider:1 | Entered Level 1 of the Spider Nest
 18667 | Spider:1 | Noticed Jorgrun
 18868 | Shoals:4 | Entered Level 4 of the Shoals
 19534 | Shoals:4 | Noticed a frost giant
 20025 | Shoals:4 | Reached XP level 16. HP: 139/139 MP: 25/30
 20080 | Shoals:4 | Got the Vellum of Blight and Conduction
 20487 | Shoals:4 | Reached skill level 15 in Earth Magic
 20819 | Shoals:4 | Found Foymick's Antique Weapon Shop.
 20875 | Shoals:4 | Identified the +3 scimitar of Paeguak {vorpal, rPois rF+}
 20932 | Shoals:4 | Identified the +5 flail "Ecufusu" {vorpal, Int-2 Dex+9
                  | Stlth+}
 20959 | Shoals:4 | Got a barnacled rune of Zot
 21828 | Spider:1 | Killed Jorgrun
 21858 | Spider:1 | Noticed Mlioglotl
 22881 | Spider:1 | Noticed Frances
 22886 | Spider:1 | Received a gift from Sif Muna
 22890 | Spider:1 | Killed Frances
 22891 | Spider:1 | Got Sif Muna's Disquisition on Malignant Liturgies and
                  | Attacks {god gift}
 23062 | Spider:2 | You are sucked into a shaft and drop 1 floor!
 23180 | Spider:3 | Noticed Kirke
 23197 | Spider:3 | Noticed a sphinx
 23201 | Spider:3 | Killed Kirke
 23927 | Spider:3 | Received a gift from Sif Muna
 23928 | Spider:3 | Got Sif Muna's Catalogue of Changing and Generation {god
                  | gift}
 23931 | Spider:3 | Noticed Agnes
 23932 | Spider:3 | Learned a level 2 spell: Passwall
 24227 | Spider:2 | Noticed Azrael
 24464 | Spider:2 | Killed Azrael
 25030 | Spider:3 | Reached XP level 17. HP: 130/154 MP: 6/31
 25108 | Spider:3 | Killed Agnes
 25240 | Spider:3 | Reached skill level 15 in Fighting
 25246 | Spider:3 | Noticed Bai Suzhen
 25256 | Spider:4 | Entered Level 4 of the Spider Nest
 25354 | Spider:3 | HP: 9/202 [emperor scorpion (13)]
 25372 | Spider:3 | HP: 3/156 [meliai/divine providence (11)]
 25373 | Spider:3 | Killed from afar by a meliai

Illustrated notes

Levels and vault maps discovered:
D:1:      dpeg_arrival_rhombus, layout_basic
D:2:      layout_basic, basic_altar, uniq_jessica, uniq_crazy_yiuf_cottage
D:3:      layout_basic, nicolae_uskayaw_dance_hall,
          hellmonk_ecumenical_altar_run_dry, uniq_robin
D:4:      layout_basic, kennysheep_slug_shrine, gammafunk_ghost_icy,
          dk_rats_in_the_wall, uniq_pikel, uniq_eustachio
D:5:      layout_basic, biasface_ghost_orc_armoury, uniq_grinder, uniq_ijyb
D:6:      layout_cave_pools, kennysheep_little_box, minmay_temple_entry_tees,
          gup_sewer_entry_spiral
D:7:      layout_basic, gammafunk_ghost_grave, minivault_5,
          kennysheep_small_square, uniq_maggie
D:8:      cheibrodos_shockbox, layout_basic, okawaru_metal_pillars_1_2,
          erik_lair_island, nicolae_figureground_pulse
D:9:      layout_roguey, uniq_prince_ribbit1
D:10:     minmay_opposing_rooms, layout_irregular_city,
          kennysheep_orc_sif_temple, gammafunk_temple_overflow_elements,
          uniq_snorg
D:11:     layout_basic, hiddenorc1_lemuel, corexii_checkpoint_a,
          roderic_roman_lattice
D:12:     minmay_separated_statues, layout_irregular_city
D:13:     minmay_crescents, layout_irregular_city, st_stairs_11
Temple:   nicolae_temple_bog_church
Lair:1:   layout_roguey, lemuel_fruit_fields, serial_bayou_shore_a, uniq_fannar,
          uniq_amaemon
Lair:2:   layout_hall_layers, elwin_shoals_entry_rooms, dummy_spider_entry,
          uniq_gastronok
Lair:3:   layout_regular_city, st_stairs_3, grunt_megastairs_1
Lair:4:   layout_gridlike, uniq_nessos
Lair:5:   evil_forest, layout_long_grid, slime_entry_1
Shoals:1: layout_shoals
Shoals:2: layout_shoals
Shoals:3: layout_shoals, uniq_ilsuiw
Shoals:4: shoals_end_grunt_ice, layout_shoals, shoals_ilsuiw_ice, serial_shops,
          nicolae_shop_overgrown_old_shop
Spider:1: nicolae_spider_hilbert_zone_5 [nicolae_spider_hilbert_3_sides_1_open,
          nicolae_spider_hilbert_4_sides_1_open,
          nicolae_spider_hilbert_4_sides_1_open,
          nicolae_spider_hilbert_6_sides_1_open,
          nicolae_spider_hilbert_6_sides_1_open], drop_trap,
          nicolae_crawler_farm, uniq_frances, uniq_jorgrun, uniq_mlioglotl
Spider:2: nicolae_spider_hall_of_the_moth_king, uniq_azrael
Spider:3: layout_spider_delve, uniq_bai_suzhen, uniq_kirke, uniq_agnes
Spider:4: spider_rune_water, hangedman_spider_tarantella_strand
Orc:1:    layout_caves, serial_shops,
          nicolae_shop_temple_entry_statues_fountains, uniq_erica
Orc:2:    st_orc_town, layout_caves, serial_shops, shop, shop_statue

Skill      XL: |  1  2  3  4  5  6  7  8  9 10 11 12 13 14 15 16 17 |
---------------+----------------------------------------------------+-----
Fighting       | 1 3 4 5 8 9 11 12 14 15 | 15.0
Conjurations   | 2 3 4 6 |  6.0
Air Magic      | 4 5 4 5 |  5.0
Dodging        | 2 4 5 7 9 10 11 12 | 12.0
Stealth        | 2 |  2.0
Spellcasting   | 3 5 8 10 | 10.1
Evocations     | 1 2 3 5 |  5.0
Shields        | 5 10 12 14 | 14.0
Invocations    | 3 8 |  8.0
Earth Magic    | 10 13 15 | 15.1
Transmutations | 4 8 |  8.0
Necromancy     | 1 2 |  2.0

Action                   |  1- 3 |  4- 6 |  7- 9 | 10-12 | 13-15 | 16-18 || total
-------------------------+-------+-------+-------+-------+-------+-------++-------
Melee: Spear             |    42 |    55 |   135 |   512 |   893 |    61 ||  1698
       Unarmed           |     1 |       |       |       |       |       ||     1
       Tailslap          |     2 |     9 |    23 |   111 |   151 |    73 ||   369
       Punch             |       |     1 |       |     1 |       |       ||     2
       Long sword        |       |       |       |       |    44 |   286 ||   330
Throw: Throwing net      |       |       |       |     2 |     2 |       ||     4
       Dart              |       |       |       |     2 |     2 |       ||     4
 Cast: Shock             |    16 |    43 |    17 |    18 |    37 |    11 ||   142
       Static Discharge  |       |       |    19 |    23 |    47 |    26 ||   115
       Airstrike         |       |       |     1 |    84 |   184 |     4 ||   273
       Swiftness         |       |       |     1 |     2 |     7 |     1 ||    11
       Lee's Rapid Decon |       |       |       |       |    88 |    97 ||   185
       Stone Arrow       |       |       |       |       |     6 |       ||     6
       Borgnjor's Vile C |       |       |       |       |     5 |    23 ||    28
       Statue Form       |       |       |       |       |       |    23 ||    23
       Passwall          |       |       |       |       |       |     2 ||     2
Invok: Channel Magic     |       |       |       |       |     5 |     3 ||     8
 Abil: End Transformatio |       |       |       |       |       |     1 ||     1
Evoke: Wand              |       |       |       |     6 |    24 |     5 ||    35
       Phantom mirror    |       |       |       |       |     2 |       ||     2
  Use: Scroll            |       |       |       |    21 |    19 |    11 ||    51
       Potion            |       |       |       |     3 |     9 |     9 ||    21
 Stab: Sleeping          |     4 |     2 |     7 |     1 |     3 |     1 ||    18
       Distracted        |       |       |     2 |     8 |    19 |       ||    29
       Paralysed         |       |       |       |       |     1 |       ||     1
Armor: Skin              |    10 |     4 |    27 |   175 |   266 |   407 ||   889
Dodge: Dodged            |     9 |    19 |    75 |   414 |   641 |   618 ||  1776
       Repelled          |       |       |       |       |     1 |     1 ||     2
Block: Buckler           |       |       |       |   104 |    78 |       ||   182
       Kite shield       |       |       |       |       |   615 |   522 ||  1137
